 Dungeon Crawl Stone Soup version 0.22-a0-271-gc000056 (webtiles) character file.

72 neds the Shooter (level 4, -2/22 HPs)
             Began as a Spriggan Hunter on Mar 10, 2018.
             Shot with an arrow by a centaur (6 damage)
             ... on level 2 of the Dungeon.
             The game lasted 00:07:53 (1897 turns).

neds the Shooter (Spriggan Hunter)                  Turns: 1897, Time: 00:07:54

Health: -2/22      AC:  2    Str:  8    XL:     4   Next: 6%
Magic:  5/5        EV: 18    Int: 12    God:
Gold:   43         SH:  0    Dex: 17    Spells: 3/3 levels left

rFire    . . .     SeeInvis +   b - +0 short sword
rCold    . . .     Gourm    .   (shield restricted)
rNeg     . . .     Faith    .   c - +0 robe
rPois    .         Spirit   .   (helmet restricted)
rElec    .         Reflect  .   (no cloak)
rCorr    .         Harm     .   (gloves unavailable)
MR       .....                  (boots unavailable)
Stlth    ++........             (no amulet)
HPRegen  0.07/turn              (no ring)
MPRegen  0.09/turn              (no ring)

@: very quick
A: very small, unfitting armour, see invisible, herbivore, speed 3, slow
metabolism 2
a: no special abilities


You were on level 2 of the Dungeon.
You were not hungry.

You visited 1 branch of the dungeon, and saw 2 of its levels.

You collected 43 gold pieces.

Inventory:

Hand Weapons
 a - a +1 shortbow
 b - a +0 short sword (weapon)
 g - a +0 short sword
Missiles
 d - 11 arrows
Armour
 c - a +0 robe (worn)
Jewellery
 e - an uncursed ring of poison resistance {unknown}
Scrolls
 h - 2 scrolls of identify {unknown}
 i - a scroll of enchant armour {unknown}
 j - a scroll of fog {unknown}
 k - a scroll of remove curse {unknown}
 l - a scroll of immolation {unknown}
Potions
 m - a potion of heal wounds {unknown}
 n - a potion of mutation {unknown}
Comestibles
 f - a ration


   Skills:
 - Level 1.5 Fighting
 + Level 6.8 Bows
 - Level 3.0 Dodging
 - Level 1.5 Stealth


You had 3 spell levels left.
You didn't know any spells.

Dungeon Overview and Level Annotations

Branches:
Dungeon (2/15)

Altars:


Innate Abilities, Weirdness & Mutations

You are very small and have problems with some larger weapons.
You are too small for most types of armour.
You have supernaturally acute eyesight. (SInv)
You are a herbivore.
You cover ground extremely quickly.
You need to consume almost no food.


Message History

d - 8 arrows (gained 1)
You see here an arrow.
d - 9 arrows (gained 1)
You see here an arrow.
d - 10 arrows (gained 1)
You see here an arrow.
d - 11 arrows (gained 1)
An adder and a kobold come into view.
The kobold shouts!
The centaur shoots an arrow.
The arrow hits you.
You hear an angry hiss.
You see here an arrow.
The adder hisses angrily.
The centaur shoots an arrow.
The arrow hits you.
You see here an arrow.
The worm bites you.
The centaur shoots an arrow.
The arrow hits you!
* * * LOW HITPOINT WARNING * * *
The centaur shoots an arrow.
The arrow hits you.
You die...

# #######.#####
#...........#
#<#####.###.# #.# #
# #.#
#..###)#####.#
#............#
###.###@#######
.<...##.##
...#.....#
.........#
.#.###c#w.####
........K...>#####.
...##.S.(.........
#.......(...#####
#.#.###.##.#..##


You could see a centaur, a worm, an adder and a kobold.

Vanquished Creatures
  Terence (D:2)
  An adder (D:2)
  A shadow imp (D:2)
  A ball python (D:2)
  A giant cockroach (D:1)
  A goblin (D:2)
  4 hobgoblins
  8 jackals (D:1)
  4 bats
  4 frilled lizards
  3 rats (D:1)
29 creatures vanquished.

Notes
Turn   | Place    | Note
-------+----------+-------------------------------------------
     0 | D:1      | neds the Spriggan Hunter began the quest for the Orb.
     0 | D:1      | Reached XP level 1. HP: 10/10 MP: 2/2
    89 | D:1      | Reached skill level 5 in Bows
   507 | D:1      | Reached XP level 2. HP: 14/14 MP: 3/3
  1265 | D:2      | Noticed Terence
  1279 | D:2      | Killed Terence
  1279 | D:2      | Reached skill level 6 in Bows
  1279 | D:2      | Reached XP level 3. HP: 18/18 MP: 4/4
  1472 | D:2      | Noticed a centaur
  1776 | D:2      | Reached XP level 4. HP: 20/22 MP: 5/5
  1897 | D:2      | Shot with an arrow by a centaur

Vault maps used:
D:1:      kilobyte_arrival_exit_the_forest
D:2:      uniq_terence

Skill      XL: |  1  2 |
---------------+-------+-----
Bows           | 5 6 |  6.8
Fighting       | |  1.5
Dodging        | |  3.0
Stealth        | |  1.5

Action                   |  1- 3 |  4- 6 || total
-------------------------+-------+-------++-------
Melee: Short sword       |       |     2 ||     2
 Fire: Shortbow          |    94 |     1 ||    95
 Stab: Sleeping          |       |     1 ||     1
Armor: Robe              |     3 |       ||     3
Dodge: Dodged            |    33 |       ||    33

Table legend:
 A = Spawn XP
 B = Non-spawn XP
 C = Spawn XP percentage of total XP
 D = Spawn monster count
 E = Non-spawn monster count
 F = Spawn count percentage of total count
 G = Total turns spent on level
                    A         B        C        D         E        F      G
               +---------+---------+-------+---------+---------+-------+---------
         Total |       0 |     103 |   0.0 |       0 |      29 |   0.0 |  1897
               +---------+---------+-------+---------+---------+-------+---------
           D:1 |       0 |      32 |   0.0 |       0 |      19 |   0.0 |  1481
           D:2 |       0 |      71 |   0.0 |       0 |      10 |   0.0 |   416
               +---------+---------+-------+---------+---------+-------+---------
